 Dungeon Crawl Stone Soup version 0.14-a0-932-g154aeca (webtiles) character file.

3320 PolkaDot the Ruinous (level 9, -3/57 HPs)
             Began as a Vampire Conjurer on Nov 18, 2013.
             Was a Believer of Vehumet.
             Slain by an orc warrior
             ... wielding a -1,+1 orcish long sword
              (23 damage)
             ... on Level 6 of the Dungeon.
             The game lasted 00:41:31 (8571 turns).

PolkaDot the Ruinous (Vampire Conjurer)             Turns: 8571, Time: 00:41:31

HP  -3/57        AC  4     Str  7      XL: 9   Next: 40%
MP   5/14        EV 12     Int 20      God: Vehumet [**....]
Gold 594         SH  0     Dex 14      Spells:  4 memorised,  2 levels left

Res.Fire  : . . .   See Invis. : +   l - +4,+1 elf spear (slay drac)
Res.Cold  : + . .   Warding    : +   j - +0 steam dragon hide
Life Prot.: + + +   Conserve   : .   (no shield)
Res.Poison: +       Res.Corr.  : .   (no helmet)
Res.Elec. : .       Clarity    : .   i - +0 cloak
Sust.Abil.: . .     Spirit.Shd : .   h - +0 pair of gloves
Res.Mut.  : .       Stasis     : .   (no boots)
Res.Rott. : +       Flight     : .   n - amulet of warding
Saprovore : . . .                    r - ring of see invisible
                                     u - cursed ring of regeneration

@: regenerating slowly, somewhat resistant to hostile enchantments, stealthy
A: bottle blood, fangs 3, see invisible, unbreathing
a: Bat Form, Bottle Blood, Renounce Religion


You were on level 6 of the Dungeon.
You worshipped Vehumet.
Vehumet was pleased with you.
You were thirsty.

You visited 1 branch of the dungeon, and saw 7 of its levels.
You also visited: Ossuary.

You collected 594 gold pieces.

Inventory:

Hand weapons
 l - a +4,+1 elven spear of dragon slaying (weapon)
Armour
 h - a +0 pair of gloves (worn)
 i - a +0 cloak (worn)
 j - a +0 steam dragon hide (worn)
Magical devices
 b - a wand of heal wounds (1)
 f - a wand of magic darts (15)
 o - a wand of slowing (11)
 t - a wand of paralysis (8)
Scrolls
 d - a scroll of curse weapon {unknown}
 e - a scroll of enchant weapon II
 g - 3 scrolls of teleportation
 m - 2 scrolls of remove curse
 q - 2 scrolls of magic mapping
 s - a scroll of identify
Jewellery
 a - the ring "Sheressy" {SustAb Str+3 Dex-4, unknown}
   (You acquired it on level 6 of the Dungeon)

   [ring of sustain abilities]

   It affects your strength (+3).
   It affects your dexterity (-4).
 n - an amulet of warding (around neck)
 r - a ring of see invisible (right hand)
 u - a cursed ring of regeneration (left hand)
Potions
 k - a potion of restore abilities
 p - a potion of resistance
 w - 7 potions of curing
 z - 2 potions of heal wounds
 A - a potion of brilliance
Books
 c - a book of Conjurations

   Spells                             Type                      Level
   *Magic Dart                        Conjuration                  1
   *Searing Ray                       Conjuration                  2
   Dazzling Spray                     Conjuration/Hexes            3
   Iskenderun's Mystic Blast          Conjuration                  4
   *Iskenderun's Battlesphere         Conjuration/Charms           4
   Fulminant Prism                    Conjuration/Hexes            5
 x - a book of Geomancy

   Spells                             Type                      Level
   Sandblast                          Earth                        1
   Stoneskin                          Transmutation/Earth          2
   Passwall                           Transmutation/Earth          3
   Stone Arrow                        Conjuration/Earth            3
   Petrify                            Transmutation/Earth          4
   Lee's Rapid Deconstruction         Earth                        5


   Skills:
 - Level 2.1 Dodging
 - Level 3.0 Stealth
 - Level 1.0 Spellcasting
 + Level 7.8 Conjurations
 + Level 6.8 Charms
 * Level 6.0 Air Magic


You had 2 spell levels left.
You knew the following spells:

 Your Spells              Type           Power        Failure   Level  Hunger
a - Shock                 Conj/Air       ####         1%          1    ##.....
s - Searing Ray           Conj           ####..       1%          2    ###....
z - Iskenderun's Battles  Conj/Chrm      ####....     10%         4    #####..
A - Magic Dart            Conj           ####         1%          1    ##.....


Dungeon Overview and Level Annotations

Branches:
Dungeon (7/16)             Temple (0/1) D:6
    Orc: D:6-11

Altars:
Sif Muna
Vehumet
Xom
Yredelemnul
the Shining One

Shops:
D:5 =


Innate Abilities, Weirdness & Mutations

You heal slowly.
You can bottle blood from corpses.
You have razor-sharp teeth.*
You have supernaturally acute eyesight.
You can survive without breathing.*


Message History

Okay, then.
Things that are here:
16 arrows; an uncursed bow
There is an open door here.
You are feeling thirsty.
There is an open door here.
Casting: Searing Ray
Confirm with . or Enter, or press ? or * to list all spells.
Aiming: Searing Ray
Press: ? - help, Shift-Dir - straight line, f/p - orc warrior
Aim: an orc warrior, wielding an orcish long sword and wearing an orcish chain mail (severely wounded)
The searing ray hits the orc warrior.
The orc warrior is severely wounded.
The orc warrior closely misses you.
The searing ray misses the orc warrior.
The orc warrior hits you with an orcish long sword!
The searing ray hits the orc warrior.
The orc warrior is almost dead.
The orc warrior hits you with an orcish long sword!
You die...

#≈≈...≈≈#####..........#
#≈≈._...'..............#
#≈≈...≈≈######.#########
#≈≈≈≈≈≈≈# #.# ### ##≈≈≈≈≈##
#.####### ..# ############
#.......# ..# #...>...#
#########+###
..####.......########...........#
..##.'.......'..@o..'...........#
<.##.#.......########...........#
..#..#.......# #...........'
..'.##.......# #...........#
..####.......# #######'##### ###
######'#### ##...# #....# ##..###
###########'### #..##
#.............# ###'#######


You could see an orc warrior.

Vanquished Creatures
  A hill giant zombie (D:7)
  A steam dragon (D:7)
  A phantom (D:7)
  3 ogres
  An orc warrior (D:7)
  2 sky beasts
  An ice beast (D:6)
  A centaur (D:6)
  4 giant frogs
  3 killer bees (D:7)
  A goliath beetle (D:6)
  A crimson imp (D:7)
  2 jellies
  Crazy Yiuf (D:2)
  A centaur skeleton (D:5)
  6 hounds
  3 iguanas (D:4)
  An orc priest (D:4)
  A black bear skeleton (D:5)
  2 scorpions (D:6)
  3 worker ants
  A big kobold zombie (Ossuary)
  Jessica (D:3)
  Terence (D:3)
  10 mummies (Ossuary)
  3 gnolls (D:4)
  13 adders
  2 giant mites
  4 worms
  An iguana skeleton (D:4)
  2 giant geckos
  8 orcs
  3 giant cockroaches
  15 goblins
  15 hobgoblins
  11 jackals
  3 quokkas
  12 bats
  A giant cockroach zombie (D:6)
  6 giant newts
  A giant spore (D:6)
  A gnoll zombie (Ossuary)
  A goblin zombie (D:6)
  4 hobgoblin zombies (Ossuary)
  A jackal skeleton (D:6)
  14 kobolds
  A kobold skeleton (D:4)
  2 orc zombies (Ossuary)
  A quokka zombie (D:6)
  12 rats
  2 rat skeletons
  4 ballistomycetes (D:6)
  A fungus (D:2)
197 creatures vanquished.

Notes
Turn   | Place    | Note
--------------------------------------------------------------
     0 | D:1      | PolkaDot, the Vampire Conjurer, began the quest for the Orb.
     0 | D:1      | Reached XP level 1. HP: 13/13 MP: 4/4
   281 | D:1      | Reached XP level 2. HP: 19/19 MP: 0/5
   637 | D:1      | Learned a level 2 spell: Searing Ray
  1091 | D:1      | Reached XP level 3. HP: 20/24 MP: 6/6
  1267 | D:2      | Reached skill level 4 in Conjurations
  1531 | D:2      | Reached XP level 4. HP: 27/30 MP: 2/8
  1894 | D:2      | Noticed Crazy Yiuf
  1898 | D:2      | Paralysed by a potion of paralysis for 6 turns
  1914 | D:2      | Killed Crazy Yiuf
  2055 | D:3      | Reached XP level 5. HP: 25/35 MP: 5/9
  2381 | D:3      | Noticed Terence
  2438 | D:3      | Killed Terence
  2438 | D:3      | Reached skill level 5 in Conjurations
  2646 | D:3      | Noticed Jessica
  2654 | D:3      | Killed Jessica
  3026 | D:3      | Found a radiant altar of Vehumet.
  3032 | D:3      | Became a worshipper of Vehumet
  3379 | D:4      | Reached XP level 6. HP: 41/41 MP: 6/10
  3806 | D:4      | Reached skill level 6 in Conjurations
  3951 | D:4      | Learned a level 4 spell: Iskenderun's Battlesphere
  4058 | D:4      | Found a glowing golden altar of the Shining One.
  4361 | D:4      | Acquired Vehumet's first power
  4361 | D:4      | Offered knowledge of Sandblast by Vehumet.
  4389 | D:4      | Reached XP level 7. HP: 29/46 MP: 3/11
  4519 | D:5      | Entered Level 5 of the Dungeon
  5139 | D:5      | Found Kovu's Jewellery Boutique.
  5287 | D:5      | Found a shimmering altar of Xom.
  5433 | D:6      | Reached skill level 7 in Conjurations
  5465 | D:6      | Found a staircase to the Ecumenical Temple.
  5496 | D:6      | Reached XP level 8. HP: 52/52 MP: 10/13
  5517 | D:6      | Found a sand-covered staircase.
  5538 | Ossuary  | Entered an ossuary
  5552 | Ossuary  | Offered knowledge of Shock by Vehumet.
  5560 | Ossuary  | Learned a level 1 spell: Shock
  5814 | Ossuary  | Reached skill level 1 in Air Magic
  6475 | D:6      | Reached skill level 5 in Charms
  7203 | D:6      | Reached XP level 9. HP: 44/57 MP: 12/14
  7349 | D:6      | Found a deep blue altar of Sif Muna.
  7745 | D:7      | Reached skill level 5 in Air Magic
  7759 | D:7      | Found a basalt altar of Yredelemnul.
  7848 | D:6      | Identified a scroll of acquirement
  7849 | D:6      | Got a crude bone ring
  8354 | D:7      | Offered knowledge of Mephitic Cloud by Vehumet.
  8571 | D:6      | Slain by an orc warrior

Action                   |  1- 3 |  4- 6 |  7- 9 || total
-------------------------+-------+-------+-------++-------
Melee: Dagger            |    31 |       |       ||    31
       Spear             |    29 |   136 |   160 ||   325
 Cast: Magic Dart        |    52 |    10 |    47 ||   109
       Searing Ray       |     1 |    24 |    49 ||    74
       Iskenderun's Batt |       |       |    22 ||    22
       Shock             |       |       |    12 ||    12
Evoke: Wand              |       |     2 |     2 ||     4
  Use: Potion            |       |     5 |     1 ||     6
       Scroll            |       |       |    22 ||    22
 Stab: Sleeping          |       |     5 |     9 ||    14
       Distracted        |       |     1 |     2 ||     3
